cohdb
Replays
Latest Replays
All Replays
Popular Replays
Top Player Replays
Match Explorer
How It Works
Community
CoH3 Stats
Reddit
Sign in to upload your games and track your stats! →
Sign in with Steam
Match 38203998
Unlisted
Match 38203998
Overview
Messages
Build Orders
End
Construct Infanterie Kompanie
Selects Mechanized Battlegroup
Grenadier Squad
Grenadier Squad
MG 42 Machine Gun Team
Medical Station
Grenadier Squad
Construct Panzergrenadier Kompanie
Selects Raid Package
Panzergrenadier Officer Quarters
Pak 40 Anti-tank Gun Team
Selects Spotting Scopes
Pioneer Squad
Construct Panzer Kompanie
Selects 8 Rad Armored Car
Selects UNKNOWN (2160084)
Panther Heavy Tank
Selects Wespe Self-propelled Artillery
Wespe Self-propelled Artillery
Selects Zeroing Artillery Barrage
Zeroing Artillery Barrage
Panther Heavy Tank
Panther Heavy Tank
Panzergrenadier Squad
Pioneer Squad
Zeroing Artillery Barrage
Panther Heavy Tank
TankerBoss
Fapinkton
Microsoft Outlook
deadsadbadmad
0
0
Comments
sign in to comment!
No comments posted yet!